 Dungeon Crawl Stone Soup version 0.25-a0-591-g2ad0d86 (webtiles) character file.

Game seed: 10419213870694784498, levelgen mode: deterministic

719 Faels the Cutter (level 7, 0/52 HPs)
             Began as a Demonspawn Fighter on Mar 13, 2020.
             Was a Follower of Okawaru.
             Slain by an ogre
             ... wielding a +0 giant spiked club
              (21 damage)
             ... on level 4 of the Dungeon.
             The game lasted 00:09:47 (4132 turns).

Faels the Cutter (Demonspawn Fighter)               Turns: 4132, Time: 00:09:48

Health: 0/52       AC:  7    Str: 16    XL:     7   Next: 42%
Magic:  16/16      EV:  9    Int: 10    God:    Okawaru [*.....]
Gold:   183        SH:  8    Dex: 14    Spells: 6/6 levels left

rFire    . . .     SeeInvis .   t - +0 rapier (flame)
rCold    . . .     Gourm    .   c - +0 kite shield
rNeg     . . .     Faith    .   n - +0 ring mail
rPois    .         Spirit   .   (helmet restricted)
rElec    .         Reflect  .   (no cloak)
rCorr    +         Harm     .   u - +0 pair of gloves
MR       .....                  i - +0 pair of boots
Stlth    +.........             s - amulet of magic regeneration
HPRegen  0.17/turn              z - ring of magical power
MPRegen  0.40/turn              g - ring of resist corrosion

@: no status effects
A: horns 1, powered by death 1, sturdy frame 1
a: Heroism, Renounce Religion


You were on level 4 of the Dungeon.
You worshipped Okawaru.
Okawaru was aware of your devotion.
You were not hungry.

You visited 1 branch of the dungeon, and saw 4 of its levels.

You collected 183 gold pieces.

Inventory:

Hand Weapons
 a - a +0 long sword
 p - a +1 dagger of draining
 t - a +0 rapier of flaming (weapon)
Missiles
 m - 15 poisoned darts (quivered)
 o - 8 boomerangs
Armour
 b - a +0 scale mail
 c - a +0 kite shield (worn)
 i - a +0 pair of boots (worn)
 j - a +0 helmet
 n - a +0 ring mail (worn)
 u - a +0 pair of gloves (worn)
Jewellery
 g - a ring of resist corrosion (right hand)
 l - an uncursed ring of wizardry
 s - an amulet of magic regeneration (around neck)
 x - an uncursed ring of fire
 z - a ring of magical power (left hand)
Wands
 A - a wand of flame (16)
Scrolls
 v - 3 scrolls of teleportation
 w - a scroll of immolation
 y - 4 scrolls of remove curse
Potions
 d - a potion of might
 e - a potion of haste
 h - a potion of lignification {unknown}
 q - a potion of cancellation {unknown}
 r - 2 potions of heal wounds {unknown}
Comestibles
 f - 6 rations
 k - 3 chunks of flesh


   Skills:
 - Level 3.0 Fighting
 + Level 5.7(6.5) Short Blades
 - Level 4.7(6.0) Long Blades
 - Level 2.6 Armour
 - Level 1.1 Dodging
 - Level 2.6 Shields


You had 6 spell levels left.
You didn't know any spells.
Your spell library was empty.

Dungeon Overview and Level Annotations

Branches:
Dungeon (4/15)
 Temple: D:4-7

Altars:
Cheibriados
Fedhas
Hepliaklqana
Okawaru
Qazlal
Ru
Vehumet
Wu Jian

Annotations:
D:3 RedSky's ghost, weakling OgTm


Innate Abilities, Weirdness & Mutations

You have a pair of small horns on your head.
You regenerate a little health from kills.
Your movements are slightly less encumbered by armour. (ER -2)


Message History

You closely miss the ogre.
The ogre is almost dead.
The orc wizard closely misses you. The orc closely misses you.
You barely miss the ogre. Your headbutt misses the ogre.
The ogre is almost dead.
The orc wizard hits you but does no damage.
The ogre hits you with a +0 giant spiked club!
You hit the ogre but do no damage.
The ogre is almost dead.
You feel like a meek peon again. You block the orc's attack.
The orc wizard hits you but does no damage.
An ooze comes into view.
You barely miss the ogre.
The ooze quivers.
You headbutt the ogre.
The ogre is almost dead.
The orc wizard hits you but does no damage.
The ogre hits you with a +0 giant spiked club!!
You die...

###..# ###. ...
####....# ##..# ....
#####.......###..#.
....##...........##.....
........................
...>..............##....
J................##.....
.....!..................
..>...)@.....###........
......ooO..#..###...(...
........#####.PPP.......
......### #PPPPP..#...
...... #P._PP#.####
...... #P.PPP...# .....
#.P.P..#.## .....
#..######..## #.#
#......#


You could see an ogre, an orc wizard, an ooze and an orc.

Vanquished Creatures
  A phantom (D:4)
  2 ogres
  A centaur skeleton (D:4)
  3 orc priests
  4 orc wizards
  3 worker ants (D:4)
  A hound skeleton (D:4)
  5 adders
  An adder skeleton (D:3)
  2 worms (D:3)
  A dart slug (D:1)
  4 leopard geckos (D:1)
  11 orcs
  7 bats
  3 giant cockroaches
  7 goblins
  7 hobgoblins
  9 jackals (D:3)
  3 quokkas
  4 frilled lizards
  11 kobolds
  7 rats
97 creatures vanquished.

Notes
Turn   | Place    | Note
-------+----------+-------------------------------------------
     0 | D:1      | Faels the Demonspawn Fighter began the quest for the Orb.
     0 | D:1      | Reached XP level 1. HP: 18/18 MP: 1/1
   214 | D:1      | Reached skill level 1 in Dodging
   214 | D:1      | Gained mutation: You regenerate a little health from kills.
                  | [demonic ancestry]
   214 | D:1      | Reached XP level 2. HP: 24/24 MP: 2/2
  1101 | D:2      | Found a stormy altar of Qazlal.
  1105 | D:2      | Reached XP level 3. HP: 25/29 MP: 3/3
  1271 | D:2      | Found a sacrificial altar of Ru.
  1279 | D:2      | Reached XP level 4. HP: 35/35 MP: 4/4
  1419 | D:2      | Noticed an ogre
  1428 | D:2      | Killed an ogre
  1428 | D:2      | Reached XP level 5. HP: 23/41 MP: 5/5
  1558 | D:2      | Found an iron altar of Okawaru.
  1560 | D:2      | Found a radiant altar of Vehumet.
  1566 | D:2      | Became a worshipper of Warmaster Okawaru
  1873 | D:3      | Found a runed translucent door.
  1876 | D:3      | Noticed RedSky's ghost (weakling OgTm)
  1992 | D:3      | Reached skill level 1 in Short Blades
  2022 | D:3      | Reached skill level 2 in Short Blades
  2183 | D:3      | Found an ornate altar of the Wu Jian Council.
  2220 | D:2      | Gained mutation: Your movements are slightly less
                  | encumbered by armour. (ER -2) [demonic ancestry]
  2220 | D:2      | Reached XP level 6. HP: 30/47 MP: 6/6
  2372 | D:3      | Reached skill level 3 in Short Blades
  2620 | D:3      | Found a snail-covered altar of Cheibriados.
  2704 | D:3      | Found a snail-covered altar of Cheibriados.
  3416 | D:4      | Reached skill level 4 in Short Blades
  3658 | D:4      | Found a blossoming altar of Fedhas.
  3768 | D:4      | Reached * piety under Okawaru
  3890 | D:4      | Gained mutation: You have a pair of small horns on your
                  | head. [demonic ancestry]
  3890 | D:4      | Reached XP level 7. HP: 47/52 MP: 7/7
  3925 | D:4      | Found a hazy altar of Hepliaklqana.
  3975 | D:4      | Reached skill level 5 in Short Blades
  4132 | D:4      | Slain by an ogre

Levels and vault maps discovered:
D:1:      dpeg_arrival_concentric_ovals, layout_basic
D:2:      layout_rooms, nicolae_ru_great_annihilating_truth,
          chequers_temple_overflow_statue_of_worship, lemuel_crystal_altar
D:3:      layout_basic, nicolae_overflow_crystal_walls, lemuel_round_altar,
          ebering_ghost_sewer_d, dk_noncrumbling_2, cheibriados_altar_1
D:4:      layout_cave_pods, overflow_temple_1_default, fedhas_altar_3

Skill      XL: |  1  2  3  4  5  6  7 |
---------------+----------------------+-----
Long Blades    | 2 3 4 |  4.7
Dodging        | 1 |  1.1
Short Blades   | 2 4 5 |  5.7
Fighting       | |  3.0
Armour         | |  2.6
Shields        | |  2.6

Action                   |  1- 3 |  4- 6 |  7- 9 || total
-------------------------+-------+-------+-------++-------
Melee: Long sword        |    89 |     5 |       ||    94
       Dagger            |       |   254 |       ||   254
       Rapier            |       |    65 |    28 ||    93
       Headbutt          |       |       |     3 ||     3
Throw: Boomerang         |       |     6 |     1 ||     7
       Dart              |       |       |     4 ||     4
Invok: Heroism           |       |       |     1 ||     1
  Use: Potion            |     1 |       |       ||     1
       Scroll            |       |     5 |     1 ||     6
  Eat: Chunk             |     1 |     8 |     2 ||    11
Armor: Scale mail        |    40 |       |       ||    40
       Ring mail         |     7 |   103 |     6 ||   116
Dodge: Dodged            |    33 |    81 |    10 ||   124
Block: Kite shield       |    42 |   121 |    18 ||   181
       Rpst.: Long sword |     9 |     1 |       ||    10

Table legend:
 A = Non-vault XP
 B = Vault XP
 C = Vault XP percentage of total XP
 D = Non-vault monster count
 E = Vault monster count
 F = Vault count percentage of total count
                 A         B        C        D         E       F
            +---------+---------+-------+---------+---------+-------
      Total |     974 |      54 |   5.3 |      92 |       5 |   5.2
            +---------+---------+-------+---------+---------+-------
        D:1 |      37 |       0 |   0.0 |      18 |       0 |   0.0
        D:2 |     158 |      40 |  20.2 |      21 |       4 |  16.0
        D:3 |     261 |      14 |   5.1 |      37 |       1 |   2.6
        D:4 |     518 |       0 |   0.0 |      16 |       0 |   0.0
            +---------+---------+-------+---------+---------+-------
